 Dungeon Crawl Stone Soup version 0.22-a0-571-g4a923d4 (webtiles) character file.

129862 wellist the Warrior (level 17, -24/168 HPs)
             Began as a Hill Orc Fighter on July 1, 2018.
             Was the Champion of Trog.
             Killed from afar by a deep elf death mage (25 damage)
             ... with a bolt of negative energy
             ... on level 3 of the Elven Halls on July 2, 2018.
             The game lasted 04:36:07 (32378 turns).

wellist the Warrior (Hill Orc Fighter)             Turns: 32378, Time: 04:36:08

Health: -24/168    AC: 31    Str: 26    XL:     17   Next: 6%
Magic:  21/21      EV:  4    Int:  8    God:    Trog [******]
Gold:   1116       SH: 20    Dex: 10    Spells: 16/16 levels left

rFire    + + +     SeeInvis .   y - +4 broad axe (flame)
rCold    . . .     Gourm    .   G - +3 large shield
rNeg     + . .     Faith    +   m - +9 plate armour of Paniegong {*Contam rF+++ Regen+}
rPois    +         Spirit   .   (no helmet)
rElec    .         Reflect  .   r - +2 cloak
rCorr    +         Harm     .   (no gloves)
MR       ++...     Clarity  +   H - +1 pair of boots of Bititho {rCorr}
Stlth    ..........             R - amulet of faith
HPRegen  0.78/turn              s - ring of protection from magic
MPRegen  0.17/turn              b - ring of positive energy

@: berserk cooldown, slowed, drained, very slow
A: blurry vision 1, clarity, low mp 1, poison resistance
a: Berserk, Trog's Hand, Brothers in Arms, Renounce Religion


You were on level 3 of the Elven Halls.
You worshipped Trog.
Trog was exalted by your worship.
You were hungry.

You visited 5 branches of the dungeon, and saw 27 of its levels.
You also visited: Volcano.

You collected 2428 gold pieces.
You spent 1312 gold pieces at shops.

Inventory:

Hand Weapons
 t - a +5 shortbow of freezing
 y - a +4 broad axe of flaming (weapon)
 S - a +4 war axe of flaming
Missiles
 w - 516 arrows
Armour
 i - a +0 pair of boots of running
 m - the +9 plate armour of Paniegong (worn) {*Contam rF+++ Regen+}
   (You bought it in a shop on level 2 of the Orcish Mines)

   It renders you almost immune to fire.
   It causes magical contamination when unequipped.
   It increases your rate of regeneration.
 r - a +2 cloak (worn)
 G - a +3 large shield (worn)
 H - the +1 pair of boots of Bititho (worn) {rCorr}
   (You found it on level 13 of the Dungeon)

   It protects you from acid and corrosion.
Jewellery
 b - a ring of positive energy (right hand)
 s - a ring of protection from magic (left hand)
 L - an uncursed ring of ice
 R - an amulet of faith (around neck)
 X - a +5 ring of evasion
Wands
 k - a wand of iceblast (11)
 q - a wand of acid (11)
 u - a wand of digging (15)
 B - a wand of polymorph (30)
 K - a wand of clouds (10)
 O - a wand of flame (91)
 T - a wand of paralysis (24)
Scrolls
 c - 2 scrolls of fear
 d - 3 scrolls of holy word
 g - 4 scrolls of magic mapping
 j - a scroll of vulnerability {unknown}
 l - 5 scrolls of identify
 n - 14 scrolls of remove curse
 p - a scroll of silence {unknown}
 x - a scroll of enchant armour
 C - a scroll of blinking
 I - 5 scrolls of teleportation
 M - 4 scrolls of fog
Potions
 a - 3 potions of resistance
 e - 7 potions of haste
 h - 9 potions of curing
 o - 2 potions of agility
 v - 2 potions of invisibility
 z - a potion of experience {unknown}
 A - a potion of heal wounds
 N - a potion of lignification
 Q - 5 potions of mutation
 W - 4 potions of might
Miscellaneous
 P - a phial of floods (inert)
 Z - a lamp of fire
Comestibles
 f - 30 rations
 D - 8 chunks of flesh


   Skills:
 * Level 19.0(17.6) Fighting
 + Level 18.3(16.9) Axes
 - Level 7.0(5.9) Bows
 * Level 15.8(14.5) Armour
 - Level 10.0(8.8) Shields
 + Level 8.9(7.8) Evocations


You had 16 spell levels left.
You didn't know any spells.
Your spell library contained the following spells:

 Spells                   Type           Power        Failure   Level  Hunger
 Apportation              Tloc           #.....       100%        1    ##.....
 Mephitic Cloud           Conj/Pois/Air  #.......     100%        3    ####...
 Venom Bolt               Conj/Pois      #.........   100%        5    ######.
 Olgreb's Toxic Radiance  Pois           #.......     100%        4    #####..
 Summon Small Mammal      Summ           #...         100%        1    ##.....
 Animate Dead             Necr           N/A          100%        4    #####..
 Pain                     Necr           #...         100%        1    ##.....
 Animate Skeleton         Necr           N/A          100%        1    ##.....
 Vampiric Draining        Necr           #.........   100%        3    ####...
 Summon Ice Beast         Ice/Summ       #.......     100%        4    #####..
 Call Imp                 Summ           #.......     100%        2    ###....
 Regeneration             Chrm/Necr      #.........   100%        3    ####...
 Sting                    Conj/Pois      #...         100%        1    ##.....
 Stone Arrow              Conj/Erth      #.....       100%        3    ####...
 Confusing Touch          Hex            #.....       100%        1    ##.....
 Passwall                 Tmut/Erth      #.......     100%        2    ###....
 Call Canine Familiar     Summ           #.......     100%        3    ####...
 Lee's Rapid Deconstruct  Erth           #.........   100%        5    ######.
 Sandblast                Erth           #.....       100%        1    ##.....
 Petrify                  Tmut/Erth      #.......     100%        4    #####..
 Summon Lightning Spire   Summ/Air       #.......     100%        4    #####..
 Summon Guardian Golem    Hex/Summ       #.......     100%        3    ####...
 Poisonous Vapours        Pois/Air       #.....       100%        2    ###....


Dungeon Overview and Level Annotations

Branches:
Dungeon (15/15)            Temple (1/1) D:6            Lair (6/6) D:11
 Shoals (0/4) Lair:4       Spider (0/4) Lair:3        Slime (0/5) Lair:5
    Orc (2/2) D:10            Elf (3/3) Orc:2        Vaults (0/5) D:14
 Depths (0/5) D:15

Altars:
Ashenzari
Cheibriados
Dithmenos
Elyvilon
Fedhas
Gozag
Hepliaklqana
Kikubaaqudgha
Makhleb
Nemelex Xobeh
Okawaru
Qazlal
Ru
Sif Muna
Trog
Uskayaw
Vehumet
Wu Jian
Xom
Yredelemnul
Zin
The Shining One
Beogh
Jiyva

Shops:
D:8 ?   Orc:2 [[(}

Annotations:
Elf:2 3 runed doors, exclusion: door


Innate Abilities, Weirdness & Mutations

Scrolls take you a little longer to read.
You possess an exceptional clarity of mind.
Your magical capacity is low. (-10% MP)
Your system is resistant to poisons. (rPois)


Message History

You block the deep elf death mage's attack.
The Ice Fiend calls on the powers of darkness!
The deep elf demonologist convulses!
The deep elf master archer convulses!
The deep elf death mage convulses!
Your body is wracked with pain!
* * * LOW HITPOINT WARNING * * *
Your shield and plate armour of Paniegong prevent you from hitting the deep elf death mage.
The deep elf death mage is almost dead.
You closely miss the large abomination. You closely miss the Executioner.
The Executioner hits you.
* * * LOW HITPOINT WARNING * * *
You block the Executioner's attack.
The Executioner hits you but does no damage. x3
You block the Executioner's attack.
The neqoxec gestures.
The Executioner hits you but does no damage.
You block the Executioner's attack. x2
The large abomination hits you but does no damage.
The deep elf death mage casts a spell at you.
The bolt of negative energy hits you! You partially resist.
You feel drained.
You die...

###############
###..........5..####
....###....13......###
#≈
...#≈...(............##
#≈
.##(.E..#####5..#.....#
#≈ ≈3≈).####
#..###....## #≈ .)(###
#.3e###....# #≈
.≈.)...... #.eeX.#....#
#≈ ..........
##.1@###...##...+ #≈
#.........
#....##....#...# #≈
#....####.
#....#.#...#...# #≈
#.e.## ##.....##..#...#
#≈ ....#
#...[)#...#...# #≈
....# ##...)....#...#
#≈ ###......#...# #≈
####...)...#..#≈
#####...#..#≈


You could see an Ice Fiend, a deep elf master archer, a deep elf death mage, an
Executioner, a soul eater, a deep elf demonologist, a large abomination, a
neqoxec, an iron imp and a crimson imp.

Vanquished Creatures
  The ghost of pk666 the Sorcerer, an adept DEFE of Vehumet (Elf:3)
  Kirke (D:15)
  7 deep elf sorcerers
  A deep elf elementalist (Elf:3)
  A deep elf demonologist (Elf:3)
  5 deep elf annihilators
  A dire elephant (D:15)
  Snorg (Lair:4)
  A deep elf death mage (Elf:3)
  2 deep elf high priests (Elf:3)
  Fannar (Orc:1)
  7 hydras
  A catoblepas (Lair:6)
  A vault guard (D:14)
  4 centaur warriors
  2 ogre magi (D:15)
  13 two-headed ogres
  12 dancing weapons
  A death knight (D:14)
  A tengu warrior (D:13)
  Urug (D:12)
  An orc high priest (Orc:2)
  Sonja (D:15)
  5 deep elf knights
  3 skeletal warriors (D:14)
  An unseen horror (D:14)
  A hell knight (Volcano)
  3 deep elf archers
  2 wizards (Elf:1)
  A wolf spider zombie (D:15)
  A phantasmal warrior (D:14)
  2 orc knights
  3 ugly things
  A wolf spider (D:15)
  29 deep elf magi
  A cyclops (D:14)
  6 orc sorcerers (Orc:2)
  4 centaur zombies
  2 molten gargoyles (Volcano)
  4 black mambas
  3 centaur skeletons
  A kobold demonologist (D:13)
  23 spiny frogs
  A gargoyle (D:11)
  6 rime drakes
  6 komodo dragons
  An efreet (D:15)
  A queen bee (Lair:3)
  6 trolls
  A polar bear (Lair:2)
  A jumping spider (shapeshifter) (D:13)
  3 tengu conjurers
  2 jumping spiders (Lair:3)
  5 tyrant leeches (Lair:6)
  A hornet (D:14)
  9 hippogriffs
  3 slime creatures
  24 blink frogs
  3 redbacks (Lair:3)
  2 air elementals (Elf:1)
  A water elemental (D:14)
  2 spriggans (Lair:2)
  A shadow (D:14)
  2 vampires (D:11)
  43 yaks
  A human (D:9)
  6 wyverns
  A fire elemental (Elf:1)
  2 fire bats (Volcano)
  A basilisk (Lair:4)
  7 hogs
  3 hungry ghosts
  A steam dragon (D:7)
  2 wargs (Orc:2)
  12 vampire mosquitoes
  4 soldier ants
  An acid dragon (D:12)
  11 porcupines
  7 water moccasins
  4 sky beasts
  26 orc warriors
  6 ice beasts
  4 phantoms
  4 black bears
  A necrophage (D:15)
  2 eyes of draining
  13 ogres
  A boggart (Elf:1)
  6 centaurs
  7 wolves (Lair:2)
  10 crocodiles
  4 big kobolds
  26 bullfrogs
  A wyvern zombie (D:13)
  An earth elemental (Elf:1)
  2 wyvern skeletons
  A water moccasin skeleton (D:6)
  A scorpion (D:5)
  32 killer bees
  6 electric eels
  5 howler monkeys
  6 crimson imps
  5 lava snakes (Volcano)
  2 jellies
  4 hounds
  26 orc priests
  A bullfrog skeleton (D:12)
  32 orc wizards
  Crazy Yiuf (D:2)
  3 iguanas
  17 worker ants
  2 killer bee zombies
  2 worker ant zombies
  10 adders
  6 gnolls
  A shadow imp (D:5)
  2 oozes (D:3)
  An adder skeleton (D:4)
  3 worms (D:2)
  A dart slug (D:1)
  4 leopard geckos
  85 orcs
  5 giant cockroaches
  8 goblins
  10 hobgoblins
  15 jackals
  6 quokkas
  A ball python skeleton (D:5)
  10 bats
  5 frilled lizards
  8 kobolds
  3 quokka skeletons
  12 rats
  4 fungi
  3 plants
813 creatures vanquished.

Vanquished Creatures (collateral kills)
  A two-headed ogre (Volcano)
  An ogre mage (Volcano)
2 creatures vanquished.

Vanquished Creatures (others)
  A howler monkey (D:13)
  An orc (D:9)
  10 fungi
  38 plants
50 creatures vanquished.

Grand Total: 865 creatures vanquished

Notes
Turn   | Place    | Note
-------+----------+-------------------------------------------
     0 | D:1      | wellist the Hill Orc Fighter began the quest for the Orb.
     0 | D:1      | Reached XP level 1. HP: 19/19 MP: 1/1
   111 | D:1      | Reached XP level 2. HP: 27/27 MP: 2/2
   212 | D:1      | Reached skill level 4 in Fighting
   331 | D:1      | Reached XP level 3. HP: 33/33 MP: 3/3
  1036 | D:2      | Reached XP level 4. HP: 38/41 MP: 4/4
  1149 | D:2      | Found a runed door.
  1153 | D:2      | Noticed Crazy Yiuf
  1164 | D:2      | Killed Crazy Yiuf
  1863 | D:3      | Reached XP level 5. HP: 34/47 MP: 5/5
  2371 | D:3      | Reached skill level 5 in Fighting
  3022 | D:5      | Entered Level 5 of the Dungeon
  3022 | D:5      | Noticed a sky beast
  3051 | D:5      | Reached skill level 5 in Axes
  3051 | D:5      | Reached XP level 6. HP: 46/56 MP: 6/6
  3670 | D:4      | Found a hide-covered altar of Uskayaw.
  3671 | D:4      | Found an iron altar of Okawaru.
  3893 | D:4      | Noticed a phantom
  3914 | D:4      | Killed a phantom
  3914 | D:4      | Reached skill level 1 in Evocations
  3992 | D:4      | Reached XP level 7. HP: 62/62 MP: 7/7
  4006 | D:4      | Reached skill level 6 in Fighting
  4774 | D:5      | Reached skill level 1 in Bows
  4774 | D:5      | Reached skill level 5 in Shields
  4774 | D:5      | Reached XP level 8. HP: 64/71 MP: 9/9
  4947 | D:6      | Reached skill level 7 in Fighting
  4947 | D:6      | Reached skill level 5 in Armour
  5170 | D:6      | Found a staircase to the Ecumenical Temple.
  5195 | Temple   | Entered the Ecumenical Temple
  5218 | Temple   | Became a worshipper of Trog the Wrathful
  6172 | D:7      | Reached skill level 8 in Fighting
  6241 | D:7      | Reached XP level 9. HP: 81/81 MP: 10/10
  6370 | D:8      | Found Foanuc's Magic Scroll Shop.
  6459 | D:8      | Bought a scroll of teleportation for 45 gold pieces
  6459 | D:8      | Bought a scroll of fog for 30 gold pieces
  6809 | D:7      | Found a snail-covered altar of Cheibriados.
  6814 | D:7      | Found a stormy altar of Qazlal.
  6816 | D:7      | Found a shimmering altar of Xom.
  6818 | D:7      | Found a sparkling altar of Nemelex Xobeh.
  7049 | D:7      | Reached * piety under Trog
  7076 | D:8      | Noticed a two-headed ogre
  7210 | D:8      | Killed a two-headed ogre
  7210 | D:8      | Reached skill level 9 in Fighting
  7447 | D:8      | Got a polished spear {vamp}
  7551 | D:8      | Reached skill level 10 in Axes
  7551 | D:8      | Reached XP level 10. HP: 61/91 MP: 11/11
  7788 | D:8      | Found a blossoming altar of Fedhas.
  8076 | D:9      | Reached skill level 10 in Fighting
  8183 | D:10     | Entered Level 10 of the Dungeon
  8434 | D:9      | Reached ** piety under Trog
  8543 | D:9      | Noticed a two-headed ogre
  8548 | D:9      | Killed a two-headed ogre
  8628 | D:8      | Bought a scroll of identify for 30 gold pieces
  8628 | D:8      | Bought a scroll of identify for 30 gold pieces
  8628 | D:8      | Bought a scroll of identify for 30 gold pieces
  8628 | D:8      | Bought a scroll of identify for 30 gold pieces
  9670 | D:10     | Reached skill level 11 in Fighting
  9673 | D:10     | Reached XP level 11. HP: 40/102 MP: 12/12
  9836 | D:10     | Found a roughly hewn altar of Beogh.
  9836 | D:10     | Found a staircase to the Orcish Mines.
 10052 | Orc:1    | Entered Level 1 of the Orcish Mines
 10291 | D:10     | Found a glowing golden altar of the Shining One.
 10437 | D:11     | Reached skill level 5 in Bows
 10683 | D:11     | Reached *** piety under Trog
 11143 | D:11     | Noticed a six-headed hydra
 11158 | D:11     | Killed a three-headed hydra
 11374 | D:11     | Noticed a four-headed hydra
 11382 | D:11     | Killed a one-headed hydra
 11555 | D:11     | Reached skill level 12 in Fighting
 11805 | D:11     | You fall through a shaft for 3 floors!
 11842 | D:14     | Noticed a phantasmal warrior
 11842 | D:14     | Noticed a skeletal warrior
 11864 | D:14     | Killed a phantasmal warrior
 11889 | D:14     | Killed a skeletal warrior
 11892 | D:14     | Reached **** piety under Trog
 11916 | D:14     | Noticed a death knight
 11917 | D:14     | Noticed a skeletal warrior
 11937 | D:14     | Noticed a skeletal warrior
 11944 | D:14     | Killed a death knight
 11947 | D:14     | Reached XP level 12. HP: 94/113 MP: 13/13
 12054 | D:14     | Noticed a two-headed ogre
 12067 | D:14     | Killed a two-headed ogre
 12634 | D:11     | Found a staircase to the Lair.
 12838 | Lair:1   | Entered Level 1 of the Lair of Beasts
 13217 | Lair:1   | Reached skill level 13 in Fighting
 14171 | Lair:2   | Reached ***** piety under Trog
 15053 | Lair:3   | Reached XP level 13. HP: 111/123 MP: 14/14
 15086 | Lair:3   | Received a gift from Trog
 15554 | Lair:3   | Reached skill level 14 in Fighting
 16022 | Lair:3   | Found a hole to the Spider Nest.
 16134 | Lair:3   | Reached skill level 15 in Axes
 16321 | Lair:5   | Found a staircase to the Slime Pits.
 16321 | Lair:5   | Found a viscous altar of Jiyva.
 16345 | Lair:4   | Received a gift from Trog
 16345 | Lair:4   | Reached skill level 10 in Armour
 16397 | Lair:4   | Found a staircase to the Shoals.
 16554 | Lair:4   | Reached skill level 10 in Shields
 16693 | Lair:5   | Received a gift from Trog
 16889 | Lair:5   | Found a dark tunnel.
 16898 | Volcano  | Entered a volcano
 17470 | Volcano  | Found a burning altar of Makhleb.
 18503 | Volcano  | Identified a +0 pair of boots of running (You found it in a volcano)
 19446 | Lair:6   | Entered Level 6 of the Lair of Beasts
 19826 | Lair:5   | Reached skill level 15 in Fighting
 20143 | Lair:5   | Reached XP level 14. HP: 135/135 MP: 16/16
 20517 | Lair:6   | Received a gift from Trog
 20566 | Lair:6   | Received a gift from Trog
 21568 | Lair:6   | Received a gift from Trog
 22172 | D:12     | Noticed Urug
 22201 | D:12     | Killed Urug
 22325 | D:12     | Reached skill level 5 in Evocations
 22503 | D:12     | Got a scorched brass amulet
 22803 | Orc:1    | Noticed Fannar
 22808 | Orc:1    | Found a roughly hewn altar of Beogh.
 22812 | Orc:1    | Killed Fannar
 22812 | Orc:1    | Reached skill level 16 in Fighting
 22923 | Orc:2    | Entered Level 2 of the Orcish Mines
 22933 | Orc:2    | Received a gift from Trog
 23577 | Orc:2    | Found a staircase to the Elven Halls.
 23628 | Orc:2    | Reached ****** piety under Trog
 24111 | Orc:2    | Received a gift from Trog
 24594 | Orc:2    | Found Plog's Antique Armour Emporium.
 24594 | Orc:2    | Found Exteg's Gadget Shoppe.
 24594 | Orc:2    | Found Izxefod's Antique Armour Emporium.
 24598 | Orc:2    | Found Neemm's Weapon Shoppe.
 24615 | Orc:2    | Bought a scorched plate armour for 728 gold pieces
 24625 | Orc:2    | Identified the +9 plate armour of Paniegong {*Contam rF+++ Regen+} (You bought it in a shop on level 2 of the Orcish Mines)
 24636 | Orc:2    | Bought a crude helmet for 389 gold pieces
 24641 | Orc:2    | Identified the -5 helmet of a ziggurat {rElec} (You bought it in a shop on level 2 of the Orcish Mines)
 24932 | Lair:4   | Noticed Snorg
 24945 | Lair:4   | Killed Snorg
 25349 | Lair:6   | Reached XP level 15. HP: 145/145 MP: 19/19
 26279 | D:13     | Received a gift from Trog
 26362 | D:13     | Received a gift from Trog
 26699 | D:13     | Got a pair of translucent boots
 26710 | D:13     | Identified the +1 pair of boots of Bititho {rCorr} (You found it on level 13 of the Dungeon)
 27502 | D:14     | Reached skill level 17 in Fighting
 27807 | D:15     | Entered Level 15 of the Dungeon
 27898 | D:14     | Found a gate to the Vaults.
 27955 | D:15     | Noticed Kirke
 27981 | D:15     | Killed Kirke
 28230 | D:15     | Received a gift from Trog
 28286 | D:14     | Gained mutation: Scrolls take you a little longer to read. [potion of mutation]
 28286 | D:14     | Gained mutation: Your magical capacity is low. (-10% MP) [potion of mutation]
 28286 | D:14     | Gained mutation: You possess an exceptional clarity of mind. [potion of mutation]
 28438 | D:15     | Noticed Sonja
 28443 | D:15     | Killed Sonja
 28740 | D:15     | Found a staircase to the Depths.
 29111 | Elf:1    | Entered Level 1 of the Elven Halls
 29179 | Elf:1    | Reached XP level 16. HP: 72/157 MP: 19/19
 29628 | Elf:1    | Reached skill level 18 in Fighting
 29643 | Elf:1    | Received a gift from Trog
 30601 | Elf:2    | Reached skill level 15 in Armour
 30908 | Elf:2    | Gained mutation: Your system is resistant to poisons. (rPois) [mutagenic glow]
 31207 | Elf:2    | Found a runed gate.
 31209 | Elf:2    | Found a runed gate.
 31210 | Elf:2    | Found a runed gate.
 31465 | Elf:3    | Entered Level 3 of the Elven Halls
 31693 | Elf:3    | Found a runed gate.
 31693 | Elf:3    | Found a runed gate.
 31693 | Elf:3    | Found a runed gate.
 31694 | Elf:3    | Noticed pk666's ghost (adept DEFE)
 31717 | Elf:3    | Killed pk666's ghost
 31717 | Elf:3    | Received a gift from Trog
 32342 | Elf:3    | Noticed a Tzitzimitl
 32349 | Elf:3    | Noticed a deep elf master archer
 32352 | Elf:3    | Reached XP level 17. HP: 84/166 MP: 21/21
 32357 | Elf:3    | Reached skill level 19 in Fighting
 32372 | Elf:3    | Noticed an Executioner
 32374 | Elf:3    | Noticed an Ice Fiend
 32377 | Elf:3    | HP: 8/168 [???[a deep elf demonologist] (3)]
 32378 | Elf:3    | HP: 1/168 [Executioner[a deep elf demonologist] (5)]
 32378 | Elf:3    | Killed from afar by a deep elf death mage

Vault maps used:
D:1:      onia_arrival_pentagram, st_stairs_4
D:2:      minmay_pentomino_v2, uniq_crazy_yiuf_cottage
D:3:      lemuel_flame_loot_1
D:4:      minmay_wonky_spiral, chequers_temple_overflow_statue_of_worship,
          first_ration
D:6:      minmay_temple_entry_statues_fountains
D:7:      minitemple
D:8:      serial_shops, shop, fedhas_altar_3
D:9:      grunt_livestock
D:10:     david_orc_5, tso_altar
D:11:     lair_entry_dummy
D:12:     uniq_urug
D:14:     david_vaults_5, nrook_mini_backslash, kennysheep_opposing_triangles
D:15:     hangedman_depths_entry_try_elsewhere_first, small_statue_alley_a,
          uniq_kirke, uniq_sonja
Temple:   lightli_temple_of_artemis
Lair:2:   serial_bayou_pond_a, forest_entry_grove
Lair:3:   nicolae_spider_entry_tight_spaces, special_room
Lair:4:   minmay_shoals_entry_centaurs, uniq_snorg
Lair:5:   slime_altar_1, nicolae_volcano_entry_two_sided
Lair:6:   minmay_lair_end_frog_pond, minivault_11
Orc:1:    basic_altar, portal_ice_cave_rime, uniq_fannar
Orc:2:    st_orc_mages
Elf:1:    hangedman_elf_disciples, hangedman_elven_ridges
Elf:3:    minmay_elf_hall_curves, ebering_ghost_rock_garden
Volcano:  volcano_lake

Skill      XL: |  1  2  3  4  5  6  7  8  9 10 11 12 13 14 15 16 17 |
---------------+----------------------------------------------------+-----
Axes           | 3 4 5 6 8 10 11 13 14 16 17 18 | 18.3
Fighting       | 4 5 6 8 9 11 12 13 15 16 17 18 19 | 19.0
Armour         | 4 5 6 7 8 9 11 12 14 15 | 15.8
Shields        | 4 5 6 7 8 9 10 | 10.0
Evocations     | 1 3 5 7 8 |  8.9
Bows           | 1 2 3 4 5 6 7 |  7.0

Action                   |  1- 3 |  4- 6 |  7- 9 | 10-12 | 13-15 | 16-18 || total
-------------------------+-------+-------+-------+-------+-------+-------++-------
Melee: War axe           |   119 |   201 |   378 |   702 |  1004 |       ||  2404
       Executioner's axe |       |       |       |       |    91 |       ||    91
       Broad axe         |       |       |       |       |   284 |   333 ||   617
 Fire: Shortbow          |       |       |       |    31 |       |       ||    31
Throw: Tomahawk          |       |       |     5 |       |     4 |       ||     9
Invok: Berserk           |       |       |       |     6 |     3 |     3 ||    12
       Trog's Hand       |       |       |       |     2 |       |       ||     2
       Brothers in Arms  |       |       |       |       |     1 |       ||     1
Evoke: Phial of floods   |       |       |       |       |       |     1 ||     1
  Use: Scroll            |       |       |     7 |     9 |    23 |     3 ||    42
       Potion            |       |       |     5 |     1 |     9 |     2 ||    17
  Eat: Chunk             |     1 |     5 |     6 |    21 |    13 |     5 ||    51
       Ration            |       |     1 |     2 |     4 |    11 |     2 ||    20
Armor: Scale mail        |    53 |    58 |       |       |       |       ||   111
       Chain mail        |       |    24 |    62 |       |    35 |       ||   121
       Plate armour      |       |       |    96 |   221 |   489 |   137 ||   943
Dodge: Dodged            |    26 |    58 |    31 |    47 |   156 |    28 ||   346
Block: Shield            |    49 |   103 |    56 |       |       |       ||   208
       Large shield      |       |       |   241 |   507 |  1099 |   219 ||  2066

Table legend:
 A = Spawn XP
 B = Non-spawn XP
 C = Spawn XP percentage of total XP
 D = Spawn monster count
 E = Non-spawn monster count
 F = Spawn count percentage of total count
 G = Total turns spent on level
                    A         B        C        D         E        F      G
               +---------+---------+-------+---------+---------+-------+---------
         Total |       0 |  185518 |   0.0 |       0 |     809 |   0.0 | 32378
               +---------+---------+-------+---------+---------+-------+---------
           D:1 |       0 |      58 |   0.0 |       0 |      32 |   0.0 |   834
           D:2 |       0 |      85 |   0.0 |       0 |      23 |   0.0 |   951
           D:3 |       0 |     120 |   0.0 |       0 |      25 |   0.0 |  1198
           D:4 |       0 |     478 |   0.0 |       0 |      19 |   0.0 |  1413
           D:5 |       0 |     488 |   0.0 |       0 |      21 |   0.0 |   519
           D:6 |       0 |     953 |   0.0 |       0 |      25 |   0.0 |  1183
           D:7 |       0 |     934 |   0.0 |       0 |      12 |   0.0 |  1122
           D:8 |       0 |    1732 |   0.0 |       0 |      15 |   0.0 |   720
           D:9 |       0 |    3314 |   0.0 |       0 |      25 |   0.0 |  1109
          D:10 |       0 |    2158 |   0.0 |       0 |      36 |   0.0 |  1401
          D:11 |       0 |    5476 |   0.0 |       0 |      38 |   0.0 |  1761
          D:12 |       0 |    5180 |   0.0 |       0 |      29 |   0.0 |  1138
          D:13 |       0 |    6888 |   0.0 |       0 |      53 |   0.0 |  1024
          D:14 |       0 |   15612 |   0.0 |       0 |      42 |   0.0 |  1435
          D:15 |       0 |   18911 |   0.0 |       0 |      39 |   0.0 |   760
        Lair:1 |       0 |    2362 |   0.0 |       0 |      14 |   0.0 |   928
        Lair:2 |       0 |    6645 |   0.0 |       0 |      34 |   0.0 |  1341
        Lair:3 |       0 |    5273 |   0.0 |       0 |      40 |   0.0 |  1312
        Lair:4 |       0 |    4900 |   0.0 |       0 |      13 |   0.0 |   835
        Lair:5 |       0 |    8831 |   0.0 |       0 |      36 |   0.0 |  2705
        Lair:6 |       0 |   19071 |   0.0 |       0 |      63 |   0.0 |  1665
         Orc:1 |       0 |    2656 |   0.0 |       0 |      11 |   0.0 |   780
         Orc:2 |       0 |    8548 |   0.0 |       0 |      74 |   0.0 |  1442
         Elf:1 |       0 |   19789 |   0.0 |       0 |      32 |   0.0 |  1318
         Elf:2 |       0 |   15427 |   0.0 |       0 |      20 |   0.0 |   883
         Elf:3 |       0 |   23590 |   0.0 |       0 |      23 |   0.0 |   886
       Volcano |       0 |    6039 |   0.0 |       0 |      15 |   0.0 |  1651
               +---------+---------+-------+---------+---------+-------+---------
